 Dungeon Crawl Stone Soup version 0.26.1-11-gd32895ea62 (webtiles) character file.

Game seed: 12887381181580806770

578 promet the Sneak (level 7, -2/43 HPs)
             Began as an Octopode Hedge Wizard on June 3, 2021.
             Slain by Prince Ribbit (12 damage)
             ... on level 5 of the Dungeon.
             The game lasted 00:35:59 (6917 turns).

promet the Sneak (Octopode Hedge Wizard)            Turns: 6917, Time: 00:35:59

Health: -2/43      AC:  2    Str: 11    XL:     7   Next: 35%
Magic:  19/22      EV: 13    Int: 16    God:
Gold:   202        SH:  0    Dex: 12    Spells: 7/14 levels left

rFire    . . .     SeeInvis .   a - +1 falchion (holy)
rCold    . . .     Faith    .   (no shield)
rNeg     . . .     Spirit   .   z - +1 hat
rPois    .         Reflect  .   (no amulet)
rElec    .         Harm     .   h - ring of magical power
rCorr    .         Rampage  .   (no ring)
Will     .....                  (no ring)
Stlth    ++++......             (no ring)
HPRegen  0.14/turn              (no ring)
MPRegen  0.18/turn              (no ring)
                                (no ring)
                                (no ring)

@: no status effects
A: almost no armour, stealthy swim, amphibious, 8 rings, constrict 8, camouflage
1, gelatinous body 1
a: no special abilities


You were on level 5 of the Dungeon.
You visited 1 branch of the dungeon, and saw 5 of its levels.

You collected 202 gold pieces.

Inventory:

Hand Weapons
 a - a +1 falchion of holy wrath (weapon)
 b - a +0 hunting sling
 w - a +0 dagger
 x - a +0 trident
Missiles
 c - 67 stones
 i - 75 arrows
 j - 75 sling bullets
 m - 14 bolts
 q - 16 poisoned darts (quivered)
 v - 5 boomerangs
 y - 2 atropa-tipped darts
Armour
 g - a +0 kite shield
 z - a +1 hat (worn)
Jewellery
 h - a ring of magical power (left tentacle)
Wands
 A - a wand of polymorph (7)
Scrolls
 f - 5 scrolls of remove curse
 o - a scroll of teleportation
 p - 2 scrolls of amnesia
Potions
 d - a potion of flight {unknown}
 e - a potion of might
 k - 5 potions of curing
 l - 3 potions of heal wounds {unknown}
 n - 2 potions of lignification
 r - a potion of attraction {unknown}
 s - a potion of degeneration {unknown}
 t - 3 potions of ambrosia {unknown}
 u - 3 potions of brilliance {unknown}


   Skills:
 + Level 1.6 Fighting
 + Level 1.7(1.8) Short Blades
 + Level 0.6(1.3) Long Blades
 + Level 2.0 Throwing
 + Level 2.5 Dodging
 * Level 6.2 Stealth
 + Level 4.4 Spellcasting
 + Level 1.7 Conjurations
 + Level 3.0 Summonings
 + Level 1.0 Translocations


You had 7 spell levels left.
You knew the following spells:

 Your Spells              Type           Power        Failure   Level
a - Magic Dart            Conj           36%          9%          1
b - Blink                 Tloc           N/A          16%         2
c - Call Imp              Summ           13%          7%          2
d - Slow                  Hex            3%           24%         2

Your spell library contained the following spells:

 Spells                   Type           Power        Failure   Level
 Conjure Flame            Conj/Fire      6%           34%         3
 Mephitic Cloud           Conj/Pois/Air  5%           36%         3


Dungeon Overview and Level Annotations

Branches:
Dungeon (5/15)
 Temple: D:4-7

Altars:
The Shining One

Portals:
Abyss: D:3

Annotations:
D:3 2 transporters, vvl's ghost, amateur DsBe
D:5 Prince Ribbit


Innate Abilities, Weirdness & Mutations

You cannot wear most types of armour.
You are very stealthy in the water. (Stealth+)
You are amphibious.
You can wear up to eight rings at the same time.
You can use your tentacles to constrict eight enemies at once.
Your skin changes colour to match your surroundings (Stealth+).
Your rubbery body absorbs attacks. (AC +1, EV +1)


Message History

Your crimson imp completely misses Prince Ribbit.
Prince Ribbit hits your crimson imp!
Reach: x) +0 trident
Press: ? - help, Dir - move target, f/p - Prince Ribbit
Aim: Prince Ribbit (lightly wounded)
You could not reach far enough!
Prince Ribbit hits your crimson imp!
Your crimson imp dies!
Prince Ribbit catches a baby bat with his tongue.
You closely miss Prince Ribbit. You grab Prince Ribbit.
Prince Ribbit is lightly wounded.
You constrict Prince Ribbit. Prince Ribbit barely misses you.
Prince Ribbit hits you!
Your +1 falchion of holy wrath softly glows with a divine radiance!
a - a +1 falchion of holy wrath (weapon)
You constrict Prince Ribbit. Prince Ribbit hits you!!
* * * LOW HITPOINT WARNING * * *
You hit Prince Ribbit.
Prince Ribbit is moderately wounded.
You constrict Prince Ribbit. Prince Ribbit hits you!
You die...

########### (.........#
.##ยง#####.################
#.#F@<)..........#
#...############.#
#.......... #<# ##########.
#.# #.# #.# #.# ..# .##


You could see Prince Ribbit.

Vanquished Creatures
  An ogre (D:4)
  A bullfrog (D:3)
  A howler monkey (D:4)
  4 worker ants (D:4)
  A hound zombie (D:3)
  A gnoll (D:2)
  2 adders (D:3)
  3 river rats (D:3)
  2 oozes
  4 worms (D:3)
  2 leopard geckos (D:1)
  5 orcs
  2 giant cockroaches
  5 goblins
  7 hobgoblins
  3 jackals
  4 quokkas
  A ball python (D:3)
  A ball python skeleton (D:4)
  5 bats
  4 frilled lizards
  7 kobolds
  5 rats
71 creatures vanquished.

Vanquished Creatures (collateral kills)
  An ogre (D:4)
  A scorpion (D:4)
  Jessica (D:2)
  An orc wizard (D:4)
  Terence (D:2)
  A worker ant (D:4)
  5 adders
  A river rat (D:3)
  A worm (D:3)
  A leopard gecko (D:1)
  3 orcs
  A bat (D:1)
  A jackal (D:1)
  A quokka (D:3)
  A kobold (D:1)
21 creatures vanquished.

Grand Total: 92 creatures vanquished

Notes
Turn   | Place    | Note
-------+----------+-------------------------------------------
     0 | D:1      | promet the Octopode Hedge Wizard began the quest for the
                  | Orb.
     0 | D:1      | Reached XP level 1. HP: 11/11 MP: 4/4
   358 | D:1      | Reached XP level 2. HP: 15/17 MP: 0/6
   361 | D:1      | Learned a level 2 spell: Blink
   536 | D:1      | Reached skill level 3 in Stealth
   868 | D:1      | Reached XP level 3. HP: 16/21 MP: 2/8
  1101 | D:1      | Learned a level 2 spell: Call Imp
  1476 | D:2      | Noticed Jessica
  1908 | D:2      | Reached skill level 4 in Stealth
  2038 | D:2      | Noticed Terence
  2508 | D:2      | Killed Terence
  2509 | D:2      | Reached XP level 4. HP: 12/27 MP: 8/9
  2865 | D:2      | Killed Jessica
  3481 | D:3      | Noticed a bullfrog
  3495 | D:3      | Killed a bullfrog
  3496 | D:3      | Reached skill level 1 in Short Blades
  3496 | D:3      | Reached skill level 5 in Stealth
  3496 | D:3      | Reached XP level 5. HP: 27/32 MP: 10/10
  4011 | D:3      | Found a transporter.
  4025 | D:3      | Found a one-way gate to the infinite horrors of the Abyss.
  4025 | D:3      | Noticed vvl's ghost (amateur DsBe)
  4090 | D:3      | Found a transporter.
  4339 | D:3      | Reached skill level 1 in Fighting
  4539 | D:3      | Found a faded altar of an unknown god.
  4891 | D:3      | Reached XP level 6. HP: 38/38 MP: 11/11
  5128 | D:3      | Learned a level 2 spell: Slow
  5853 | D:4      | Reached skill level 1 in Throwing
  6016 | D:4      | Reached skill level 6 in Stealth
  6016 | D:4      | Reached XP level 7. HP: 43/43 MP: 13/13
  6389 | D:4      | Found a glowing golden altar of the Shining One.
  6873 | D:5      | Entered Level 5 of the Dungeon
  6898 | D:5      | Noticed Prince Ribbit
  6917 | D:5      | Slain by Prince Ribbit

Illustrated notes

Levels and vault maps discovered:
D:1:      saegor_arrival_miasma, layout_loops_ring
D:2:      layout_loops_ring, uniq_jessica, uniq_terence
D:3:      layout_loops_ring, chequers_ecumenical_altar_grove,
          lightli_sewer_entry_pipes, gammafunk_ghost_abyssal_escape
D:4:      minmay_evil_eye, layout_loops_ring, nicolae_tso_swordbearing_angel
D:5:      minmay_clustersquares, layout_loops_ring, overflow_temple_1_default,
          minmay_temple_entry_fiery, uniq_prince_ribbit1

Skill      XL: |  1  2  3  4  5  6  7 |
---------------+----------------------+-----
Stealth        | 3 4 5 6 |  6.2
Short Blades   | 1 |  1.7
Fighting       | 1 |  1.6
Spellcasting   | 4 |  4.4
Summonings     | 2 3 |  3.0
Throwing       | 1 2 |  2.0
Long Blades    | |  0.6
Dodging        | |  2.5
Conjurations   | |  1.7
Translocations | |  1.0

Action                   |  1- 3 |  4- 6 |  7- 9 || total
-------------------------+-------+-------+-------++-------
Melee: Dagger            |    50 |    62 |       ||   112
       Constrict         |    11 |    19 |     4 ||    34
       Tentacles         |     8 |    14 |     5 ||    27
       Falchion          |       |    11 |    10 ||    21
       Trident           |       |       |     2 ||     2
 Fire: Hunting sling     |       |       |     2 ||     2
Throw: Dart              |       |    19 |     2 ||    21
       Boomerang         |       |     6 |       ||     6
 Cast: Magic Dart        |    39 |    34 |       ||    73
       Blink             |     1 |       |       ||     1
       Call Imp          |     6 |    27 |     4 ||    37
Evoke: Wand              |       |       |     1 ||     1
  Use: Scroll            |     7 |     5 |       ||    12
       Potion            |     1 |     1 |       ||     2
 Stab: Sleeping          |    10 |     5 |     3 ||    18
Armor: Skin              |     7 |     5 |       ||    12
Dodge: Dodged            |    42 |    46 |     6 ||    94
       Rpst.: Falchion   |       |     2 |     2 ||     4
